 Dungeon Crawl Stone Soup version 0.31-a0-656-gb4d89c20fa (webtiles) character file.

Game seed: 13563911655421079534

2813 bjtr the Geomancer (level 9, -1/50 HPs)
             Began as a Gargoyle Earth Elementalist on Aug 31, 2023.
             Was a Follower of Vehumet.
             Slain by a two-headed ogre
             ... wielding a +0 dire flail
              (11 damage)
             ... on level 7 of the Dungeon.
             The game lasted 00:24:34 (5999 turns).

bjtr the Geomancer (Gargoyle Earth Elementalist)    Turns: 5999, Time: 00:24:36

Health: -1/50      AC: 16    Str: 11    XL:     9   Next: 72%
Magic:  14/19      EV: 11    Int: 27    God:    Vehumet [*.....]
Gold:   159        SH:  0    Dex: 10    Spells: 12/22 levels left

rFire   + . .        i - +7 lajatang of Order {silver, rMut}
rCold   . . .        (shield currently unavailable)
rNeg    + . .        C - +2 robe {rF+}
rPois   ∞            L - +1 helmet
rElec   +            (no cloak)
rCorr   .            (no gloves)
SInv    .            (no boots)
Will    .....        a - amulet of the acrobat
Stlth   ++           h - +4 ring of protection
HPRegen 0.28/turn    D - +6 ring of intelligence
MPRegen 0.16/turn

%: acrobat, resist mutation
@: no status effects
A: sickness immunity, AC +6, negative energy resistance 1, electricity
resistance, torment resistance 1, petrification resistance
a: Renounce Religion


You were on level 7 of the Dungeon.
You worshipped Vehumet.
Vehumet was aware of your devotion.
You visited 1 branch of the dungeon, and saw 7 of its levels.

You collected 305 gold pieces.
You spent 146 gold pieces at shops.

Inventory:

Hand Weapons
 d - a +0 whip
 e - a +0 dagger
 f - a +1 sling of freezing
 i - the +7 lajatang of Order (weapon) {silver, rMut}
   (You acquired it on level 5 of the Dungeon)

   rMut:      It protects you from mutation.
 q - a +0 mace
 t - a +0 war axe
 G - a +0 flail
 P - a +0 antimagic short sword
 Q - a +4 trident of draining
 T - a +2 great sword of draining
Missiles
 A - 20 poisoned darts
 M - a throwing net
Armour
 x - a +0 buckler
 C - a +2 robe of fire resistance (worn)
 L - a +1 helmet (worn)
 R - an orb of guile
Magical Staves
 S - a staff of conjuration
Jewellery
 a - an amulet of the acrobat (around neck)
 h - a +4 ring of protection (left hand)
 n - an amulet of faith
 y - a ring of protection from fire
 D - a +6 ring of intelligence (right hand)
 I - a +4 ring of protection
 K - a ring of resist corrosion
Wands
 F - a wand of charming (10)
Scrolls
 g - a scroll of blinking
 j - a scroll of immolation
 k - 3 scrolls of fog
 p - a scroll of revelation
 r - a scroll of vulnerability
 v - a scroll of amnesia
 B - a scroll of poison
 E - a scroll of enchant weapon
 J - 3 scrolls of noise
Potions
 b - a potion of magic
 c - 4 potions of curing
 l - 4 potions of attraction
 m - a potion of cancellation
 o - 2 potions of might
 s - a potion of berserk rage {unknown}
 u - 2 potions of brilliance {unknown}
 w - 2 potions of heal wounds
 z - a potion of mutation
 H - a potion of haste {unknown}
 N - a potion of ambrosia {unknown}
 O - a potion of enlightenment {unknown}


   Skills:
 + Level 3.0 Fighting
 + Level 5.8 Staves
 + Level 1.4 Armour
 - Level 1.5 Dodging
 + Level 4.6 Stealth
 - Level 1.6 Shields
 + Level 7.2 Spellcasting
 - Level 0.7 Transmutations
 + Level 9.3 Earth Magic


You had 12 spell levels left.
You knew the following spells:

 Your Spells              Type           Power      Damage    Failure   Level
a - Sandblast             Erth           100%       2d20      1%          1
b - Passwall              Tmut/Erth      30%        N/A       1%          2
c - Stone Arrow           Conj/Erth      68%        3d11      2%          3
d - Petrify               Tmut/Erth      36%        N/A       8%          4

Your spell library contained the following spells:

 Spells                   Type           Power      Damage    Failure   Level
 Foxfire                  Conj/Fire      36%        2x1d5     6%          1
 Necrotise                Necr           36%        1d5       6%          1
 Wereblood                Tmut           13%        N/A       6%          2
 Lesser Beckoning         Tloc           18%        N/A       9%          2
 Ignite Poison            Fire/Tmut/Pois 11%        N/A       16%         3
 Gell's Gravitas          Tloc           9%         N/A       17%         3
 Hailstorm                Conj/Ice       9%         3d4       17%         3
 Teleport Other           Tloc           9%         N/A       17%         3
 Vampiric Draining        Necr           9%         2d6       17%         3
 Passage of Golubria      Tloc           9%         N/A       50%         4
 Summon Ice Beast         Ice/Summ       9%         N/A       50%         4
 Irradiate                Conj/Tmut      5%         3d13      80%         5
 Agony                    Necr           9%         N/A       85%         5
 Freezing Cloud           Conj/Ice/Air   4%         6-21      85%         5
 Silence                  Hex/Air        4%         N/A       85%         5
 Simulacrum               Ice/Necr       4%         N/A       100%        6
 Lehudib's Crystal Spear  Conj/Erth      17%        10d5      100%        8
 Cigotuvi's Dreadful Rot  Necr/Pois/Air  Unusable   N/A       N/A         2

Dungeon Overview and Level Annotations

Branches:
Dungeon (7/15)             Temple (0/1) D:6

Altars:
Elyvilon
Vehumet

Shops:
D:4 :?   D:5 [


Innate Abilities, Weirdness & Mutations

You are immune to sickness and miasma.
Your stone body is resilient. (AC +6)
You are immune to poison.
You resist negative energy. (rN+)
You are resistant to electric shocks. (rElec)
You are resistant to unholy torment.
You are immune to petrification.


Message History

Aim: a two-headed ogre, wielding a +0 dire flail and a +0 giant club (93% to hit)
The blast of sand hits the black bear!!
The black bear is severely wounded.
The black bear bites you but does no damage.
The black bear closely misses you.
The black bear claws you but does no damage.
Casting: Sandblast (safe; 1% risk of failure)
Confirm with . or Enter, or press ? or * to list all spells.
Aiming: Sandblast (safe; 1% risk of failure)
Press: ? - help, Shift-Dir - straight line, f/p - two-headed ogre
Aim: a two-headed ogre, wielding a +0 dire flail and a +0 giant club (93% to hit)
The blast of sand misses the black bear.
The blast of sand hits the two-headed ogre!!
The two-headed ogre is heavily wounded.
The black bear bites you but does no damage.
The black bear claws you but does no damage. x2
The black bear goes berserk!
Unknown command.
Casting: Sandblast (safe; 1% risk of failure)
Confirm with . or Enter, or press ? or * to list all spells.
Aiming: Sandblast (safe; 1% risk of failure)
Press: ? - help, Shift-Dir - straight line, f/p - two-headed ogre
Aim: a two-headed ogre, wielding a +0 dire flail and a +0 giant club (heavily wounded, 93% to hit)
The blast of sand hits the black bear!!
You kill the black bear!
Vehumet accepts your kill.
The two-headed ogre hits you with a +0 dire flail!!
The two-headed ogre hits you with a +0 giant club!!
* * * LOW HITPOINT WARNING * * *
Your Fighting skill increases to level 3!
Unknown command.
Casting: Sandblast (safe; 1% risk of failure)
Confirm with . or Enter, or press ? or * to list all spells.
Aiming: Sandblast (safe; 1% risk of failure)
Press: ? - help, Shift-Dir - straight line, f/p - two-headed ogre
Aim: a two-headed ogre, wielding a +0 dire flail and a +0 giant club (heavily wounded, 93% to hit)
The blast of sand hits the two-headed ogre!!
The two-headed ogre is almost dead.
The two-headed ogre hits you with a +0 dire flail!
You die...

....................# #.#.#
......###+#####'##### #.#.#
####### #.......# ##.#.#
############# #######..#.#
♣♣....♣.♣....♣♣#.....#....#
♣.≈≈≈≈~≈)≈≈≈≈.♣♣.♣♣♣.#.####
.≈≈≈≈~≈~≈~≈≈≈≈...♣ ♣....<#
♣.≈≈≈≈~≈g≈≈≈≈.♣♣.♣♣♣.#.#.#
♣♣....♣.♣..O@♣♣#.....#.#.#
######♣.♣#############.# #
#♣≈≈≈†~♣.♣~~≈≈≈♣# ###
#≈≈≈~~~♣.♣~~~≈≈≈#
#≈≈~~~.O...~~~≈≈#
#≈≈~~...~...†~≈≈# J
#~~~.O.~≈~.†.~~~# Y.
#~~...~≈~≈~...~~#
PPg#♣♣h...###P...♣♣##T


You could see a two-headed ogre and a gnoll bouda.

Vanquished Creatures
  An ugly thing (D:7)
  Jeremiah (D:6)
  A wyvern (D:6)
  2 water moccasins
  2 black bears (D:7)
  2 ogres
  A centaur (D:5)
  A kobold brigand (D:6)
  Blork the orc (D:4)
  A scorpion (D:7)
  3 killer bees (D:7)
  3 electric eels (D:7)
  3 howler monkeys
  8 hounds
  2 jellies
  3 iguanas
  2 sleepcaps
  Jessica (D:2)
  Terence (D:3)
  An orc wizard (D:7)
  Natasha (thrice) (D:4)
  7 adders
  3 gnolls (D:6)
  A shadow imp (D:6)
  A white imp (D:6)
  2 ufetubi
  3 worms
  A dart slug (D:2)
  8 orcs
  4 bats
  7 endoplasms
  5 giant cockroaches
  4 hobgoblins
  9 jackals
  2 quokkas
  9 ball pythons
  5 frilled lizards
  11 goblins
  10 kobolds
  7 rats
142 creatures vanquished.

Notes
Turn   | Place    | Note
-------+----------+-------------------------------------------
     0 | D:1      | bjtr the Gargoyle Earth Elementalist began the quest for
                  | the Orb.
     0 | D:1      | Reached XP level 1. HP: 10/10 MP: 3/3
    95 | D:1      | Reached skill level 4 in Earth Magic
   141 | D:1      | Reached XP level 2. HP: 15/15 MP: 3/5
   540 | D:1      | Reached XP level 3. HP: 19/19 MP: 3/6
  1067 | D:1      | You fall into a shaft and drop 1 floor!
  1452 | D:2      | Reached XP level 4. HP: 24/24 MP: 6/8
  1550 | D:2      | Found a faded altar of an unknown god.
  1596 | D:2      | Noticed Jessica
  1601 | D:2      | Learned a level 2 spell: Passwall
  1605 | D:2      | Learned a level 3 spell: Stone Arrow
  1672 | D:2      | Killed Jessica
  1673 | D:2      | Reached skill level 5 in Earth Magic
  2215 | D:2      | Reached XP level 5. HP: 24/28 MP: 6/9
  2323 | D:3      | Noticed Terence
  2331 | D:3      | Killed Terence
  3093 | D:4      | Reached skill level 1 in Shields
  3158 | D:4      | Found Fananat's Magic Scroll Emporium.
  3166 | D:4      | Bought a scroll of poison for 44 gold pieces
  3166 | D:4      | Bought a scroll of identify for 22 gold pieces
  3166 | D:4      | Bought a scroll of identify for 22 gold pieces
  3216 | D:4      | Noticed Natasha
  3220 | D:4      | Killed Natasha
  3302 | D:4      | Noticed Natasha
  3306 | D:4      | Killed Natasha
  3307 | D:4      | Reached XP level 6. HP: 33/33 MP: 8/11
  3442 | D:4      | Noticed Natasha
  3448 | D:4      | Killed Natasha
  3593 | D:4      | Noticed Blork the orc
  3602 | D:4      | Killed Blork the orc
  3603 | D:4      | Reached skill level 1 in Armour
  3603 | D:4      | Reached skill level 6 in Earth Magic
  3710 | D:4      | Found Zaemuf's Tremendous Tomes.
  3751 | D:4      | Learned a level 4 spell: Petrify
  4007 | D:5      | Entered Level 5 of the Dungeon
  4008 | D:5      | Identified a scroll of acquirement
  4008 | D:5      | Acquired the +7 lajatang of Order {silver, rMut}
  4008 | D:5      | Found the +7 lajatang of Order {silver, rMut}
  4057 | D:5      | Reached XP level 7. HP: 26/37 MP: 13/13
  4110 | D:5      | Reached skill level 1 in Fighting
  4110 | D:5      | Reached skill level 1 in Staves
  4165 | D:5      | Found a radiant altar of Vehumet.
  4184 | D:5      | Became a worshipper of Vehumet
  4356 | D:5      | Reached skill level 5 in Spellcasting
  4369 | D:5      | Found Queqoef's Armour Boutique.
  4379 | D:5      | Bought a +0 helmet for 58 gold pieces
  4627 | D:6      | Reached XP level 8. HP: 43/43 MP: 15/15
  4700 | D:6      | Found a staircase to the Ecumenical Temple.
  4795 | D:6      | Reached skill level 7 in Earth Magic
  5002 | D:6      | Reached * piety under Vehumet
  5002 | D:6      | Offered knowledge of Foxfire by Vehumet.
  5011 | D:6      | Found a white marble altar of Elyvilon.
  5147 | D:6      | Noticed Jeremiah
  5292 | D:6      | Noticed a wyvern
  5299 | D:6      | Killed a wyvern
  5467 | D:6      | Killed Jeremiah
  5468 | D:6      | Reached skill level 8 in Earth Magic
  5468 | D:6      | Reached XP level 9. HP: 28/48 MP: 16/18
  5785 | D:7      | Reached skill level 5 in Staves
  5786 | D:7      | Noticed a red ugly thing
  5793 | D:7      | Noticed a troll
  5821 | D:7      | Killed a red ugly thing
  5822 | D:7      | Reached skill level 9 in Earth Magic
  5977 | D:7      | Noticed a two-headed ogre
  5999 | D:7      | Slain by a two-headed ogre

Illustrated notes

Levels and vault maps discovered:
D:1:      lightli_iron_boxes, layout_basic
D:2:      layout_loops_ring, shapermc_ecumenical_altar_starsandcircs,
          uniq_jessica
D:3:      layout_basic, chequers_mini_garden, uniq_terence
D:4:      layout_loops_corners, serial_shops, shop,
          nicolae_shop_i_like_big_books, uniq_natasha, uniq_blork_the_orc
D:5:      layout_rooms, mainiacjoe_overflow_small_starburst, serial_shops,
          shop_fountains, minmay_misc_feat_tiny
D:6:      layout_basic, overflow_temple_1_default, temple_fountains,
          palyth_stone_intersect, uniq_jeremiah
D:7:      nzn_winding_woodlands_large [nzn_winding_woodlands_5x5_default,
          nzn_winding_woodlands_5x15_parted,
          nzn_winding_woodlands_5x5_checkerboard,
          nzn_winding_woodlands_center_garden,
          nzn_winding_woodlands_15x15_eel_pit,
          nzn_winding_woodlands_center_diamonds,
          nzn_winding_woodlands_5x5_closed_star,
          nzn_winding_woodlands_5x15_river_crossing,
          nzn_winding_woodlands_5x5_perimeter], layout_basic,
          nicolae_gozag_zags_fifth_avenue

Skill      XL: |  1  2  3  4  5  6  7  8  9 |
---------------+----------------------------+-----
Earth Magic    | 4 5 6 8 9 |  9.3
Spellcasting   | 3 4 5 6 7 |  7.2
Shields        | 1 |  1.6
Armour         | 1 |  1.4
Stealth        | 3 4 |  4.6
Fighting       | 1 2 3 |  3.0
Staves         | 2 4 5 |  5.8
Dodging        | |  1.5
Transmutations | |  0.7

Action                     |  1- 3 |  4- 6 |  7- 9 || total
---------------------------+-------+-------+-------++-------
  Melee: Unarmed           |     4 |       |       ||     4
         Whip              |     6 |       |       ||     6
         War axe           |       |     4 |       ||     4
         Lajatang          |       |    10 |    74 ||    84
   Fire: Sling             |    10 |    21 |       ||    31
   Cast: Sandblast         |    47 |    62 |    64 ||   173
         Passwall          |       |       |     1 ||     1
    Use: Scroll            |     5 |     6 |     7 ||    18
         Potion            |       |       |     1 ||     1
   Stab: Sleeping          |       |     1 |     3 ||     4
 Armour: Robe              |    20 |    14 |    67 ||   101
         Leather armour    |       |    11 |       ||    11
  Dodge: Dodged            |    25 |    33 |    77 ||   135

Table legend: (Time is in decaauts)
 A = Elapsed time spent in this place.
 B = Non-inter-level travel time spent in this place.
 C = Inter-level travel time spent in this place.
 D = Time resting spent in this place.
 E = Time spent auto-exploring this place.
 F = Levels seen in this place.
 G = Mean time per level.
                   A        B        C        D        E       F      G
               +--------+--------+--------+--------+--------+-----+--------+
         Total |   6121 |   6001 |    120 |    244 |   4545 |   7 |  874.4 |
       Dungeon |   6121 |   6001 |    120 |    244 |   4545 |   7 |  874.4 |
               +--------+--------+--------+--------+--------+-----+--------+

Top non-repeatable levels by time:
     D:1: 1360 daAuts
     D:2: 1008 daAuts
     D:6: 975 daAuts
     D:4: 947 daAuts
     D:3: 756 daAuts
     D:5: 621 daAuts
     D:7: 452 daAuts
